 Dungeon Crawl Stone Soup version 0.26-a0-1053-gaff5f71418 (webtiles) character file.

Game seed: 15535510417642648499

202 Maimakterion the Cudgeller (level 5, 0/55 HPs)
             Began as an Ogre Gladiator on Dec 12, 2020.
             Succumbed to an adder's poison
             ... on level 3 of the Dungeon.
             The game lasted 00:03:59 (3996 turns).

Maimakterion the Cudgeller (Ogre Gladiator)         Turns: 3996, Time: 00:03:59

Health: 0/55       AC:  3    Str: 19    XL:     5   Next: 80%
Magic:  5/5        EV:  6    Int:  9    God:
Gold:   87         SH:  5    Dex: 10    Spells: 4/4 levels left

rFire    . . .     SeeInvis .   a - +0 flail
rCold    . . .     Faith    .   (no shield)
rNeg     . . .     Spirit   .   b - +0 robe
rPois    .         Reflect  +   c - +0 hat
rElec    .         Harm     .   (no cloak)
rCorr    .         Rampage  .   (gloves unavailable)
Will     .....                  (boots unavailable)
Stlth    +.........             o - amulet of reflection
HPRegen  0.18/turn              f - -4 ring of evasion (curse)
MPRegen  0.09/turn              (no ring)

@: lethally poisoned (0 -> -3), flying
A: large, unfitting armour, tough skin 1
a: no special abilities


You were on level 3 of the Dungeon.
You visited 1 branch of the dungeon, and saw 3 of its levels.

You collected 87 gold pieces.

Inventory:

Hand Weapons
 a - a +0 flail (weapon)
Missiles
 d - 3 throwing nets (quivered)
Armour
 b - a +0 robe (worn)
 c - a +0 hat (worn)
Jewellery
 e - an uncursed amulet of faith
 f - a cursed -4 ring of evasion (left hand)
 m - an uncursed amulet of guardian spirit
 o - an amulet of reflection (around neck)
Scrolls
 h - 2 scrolls of remove curse {unknown}
 i - a scroll of fear {unknown}
 j - a scroll of fog {unknown}
 k - a scroll of immolation {unknown}
 l - 2 scrolls of blinking
 n - a scroll of amnesia {unknown}
 p - 2 scrolls of teleportation {unknown}
Potions
 g - a potion of attraction


   Skills:
 + Level 4.9 Fighting
 * Level 4.9 Maces & Flails
 - Level 2.0 Throwing
 - Level 2.6 Dodging


You had 4 spell levels left.
You didn't know any spells.
Your spell library was empty.

Dungeon Overview and Level Annotations

Branches:
Dungeon (3/15)

Altars:
Nemelex Xobeh
Vehumet
Zin


Innate Abilities, Weirdness & Mutations

You are too large for most types of armour.
You have tough skin. (AC +1)


Message History

* * * LOW HITPOINT WARNING * * *
You feel sick.
You take 1 damage, and have 5/55 hp.
* * * LOW HITPOINT WARNING * * *
You feel sick.
You take 1 damage, and have 4/55 hp.
* * * LOW HITPOINT WARNING * * *
You feel sick.
You take 1 damage, and have 3/55 hp.
* * * LOW HITPOINT WARNING * * *
You feel sick.
* * * LOW HITPOINT WARNING * * *
You feel sick.
You take 1 damage, and have 2/55 hp.
* * * LOW HITPOINT WARNING * * *
You feel sick.
You take 1 damage, and have 1/55 hp.
* * * LOW HITPOINT WARNING * * *
You feel sick.
You die...

## .# ..# .# #.#
.# #.# .# #.# .#
#.# #.# .# #.###
#.# .+ ....# #.#
.# #.#.# #@# ##
#.#$# #.# #.#.#
#.# #.#.# #.#
#####'#.# #.#
..†.....########.#
.................#
.......###########
.......#


There were no monsters in sight!

Vanquished Creatures
  A centaur (D:3)
  An orc wizard (D:3)
  3 adders
  An ooze (D:1)
  3 worms (D:2)
  A dart slug (D:1)
  5 orcs
  3 giant cockroaches
  6 goblins
  6 hobgoblins
  3 jackals (D:3)
  A quokka (D:2)
  7 bats
  5 frilled lizards
  5 kobolds
  9 rats
60 creatures vanquished.

Notes
Turn   | Place    | Note
-------+----------+-------------------------------------------
     0 | D:1      | Maimakterion the Ogre Gladiator began the quest for the
                  | Orb.
     0 | D:1      | Reached XP level 1. HP: 22/22 MP: 1/1
   140 | D:1      | Reached XP level 2. HP: 31/31 MP: 2/2
   777 | D:1      | Reached XP level 3. HP: 37/37 MP: 3/3
  2069 | D:2      | Reached XP level 4. HP: 48/48 MP: 4/4
  2520 | D:2      | Found a sparkling altar of Nemelex Xobeh.
  2989 | D:3      | Found a glowing silver altar of Zin.
  3488 | D:3      | Found a radiant altar of Vehumet.
  3497 | D:3      | Noticed a centaur
  3519 | D:3      | Killed a centaur
  3520 | D:3      | Reached XP level 5. HP: 6/55 MP: 1/5
  3990 | D:3      | HP: 2/55 [poisoned by an adder]
  3996 | D:3      | Succumbed to an adder's poison

Illustrated notes

Levels and vault maps discovered:
D:1:      minmay_arrival_diagonal_passages, layout_basic
D:2:      layout_basic, lemuel_round_altar, grunt_ministairs_14
D:3:      layout_basic, zin_academy, vehumet_crystals, fedhas_ov_isle_minmay

Skill      XL: |  1  2  3  4 |
---------------+-------------+-----
Fighting       | 3 4 |  4.9
Maces & Flails | 3 4 |  4.9
Throwing       | |  2.0
Dodging        | |  2.6

Action                   |  1- 3 |  4- 6 || total
-------------------------+-------+-------++-------
Melee: Flail             |   107 |   105 ||   212
  Use: Scroll            |     2 |     1 ||     3
       Potion            |     1 |     3 ||     4
 Stab: Sleeping          |     1 |     2 ||     3
Armor: Robe              |    44 |    29 ||    73
       Skin              |       |     1 ||     1
Dodge: Dodged            |    34 |    29 ||    63
Block: Other             |       |     4 ||     4

Table legend: (Time is in decaauts)
 A = Elapsed time spent in this place.
 B = Non-inter-level travel time spent in this place.
 C = Inter-level travel time spent in this place.
 D = Time resting spent in this place.
 E = Time spent auto-exploring this place.
 F = Levels seen in this place.
 G = Mean time per level.
                   A        B        C        D        E       F      G
               +--------+--------+--------+--------+--------+-----+--------+
         Total |   4022 |   3966 |     56 |   1190 |   2227 |   3 | 1340.7 |
       Dungeon |   4022 |   3966 |     56 |   1190 |   2227 |   3 | 1340.7 |
               +--------+--------+--------+--------+--------+-----+--------+

Top non-repeatable levels by time:
     D:2: 1725 daAuts
     D:1: 1406 daAuts
     D:3: 891 daAuts
